 Dungeon Crawl Stone Soup version bcrawl-1.41.1 (webtiles) character file.

Game seed: 9544464774300884904

522624 Grimmash the Spear-Bearer (level 17, -3/183 HPs)
             Began as an Ent Archaeologist on Apr 18, 2024.
             Was the Champion of Cheibriados.
             Slain by a tarantella (5 damage)
             ... on level 3 of the Spider Nest.
             The game lasted 00:58:08 (30977 turns).

Grimmash the Spear-Bearer (Ent Archaeologist)      Turns: 30977, Time: 00:58:08

Health: -3/183     AC: 30    Str: 39    XL:     17   Next: 43%
Magic:  0/30       EV: 11    Int: 32    God:    Cheibriados [******]
Gold:   1702       SH:  0    Dex: 29    Spells: 24/35 levels left

rFire    + . .     GDR:     43% a - +10 lance "Wyrmbane" {slay drac, rPois rF+ rC+}
rCold    + . .     SeeInvis +   J - +1 large shield {AC+3}
rNeg     + + +     Gourm    .   (armour unavailable)
rPois    +         Faith    .   T - +1 hat
rElec    .         Spirit   .   D - +1 cloak
rCorr    .         Reflect  .   (gloves unavailable)
MR       +....     Clarity  +   (boots unavailable)
Stlth    ++++......             (no amulet)
HPRegen  0.40/turn              S - +6 ring of dexterity
MPRegen  0.22/turn              w - ring of see invisible

@: lethally poisoned (-3 -> -3), held, studying Maces & Flails, very slow
A: large, slow actions, passwall, strong branches, negative energy resistance 3,
poison resistance, slow metabolism 1, torment resistance, unbreathing, AC +24
a: Passwall, Bend Time, Defer, Temporal Distortion, Step From Time, Renounce
Religion


You were on level 3 of the Spider Nest.
You worshipped Cheibriados.
Cheibriados was exalted by your worship.
You were not hungry.

You visited 6 branches of the dungeon, and saw 26 of its levels.
You also visited: Bailey.

You collected 2916 gold pieces.
You spent 1214 gold pieces at shops.

Inventory:

Hand Weapons
 a - the +10 lance "Wyrmbane" (weapon) {slay drac, rPois rF+ rC+}
   (You acquired it on level 3 of the Dungeon)

   It protects you from fire.
   It protects you from cold.
   It protects you from poison.
 b - a +1 longbow of flaming
 y - a +2 bardiche of venom
 B - a +0 blowgun
 K - a +3 battleaxe
 W - a +5 dire flail
Missiles
 d - 39 curare-tipped needles
 s - 216 javelins
 E - 4046 arrows
 F - 1047 poisoned tomahawks (quivered)
 I - 279 large rocks
 P - 203 tomahawks of dispersal {=f}
 R - 2 throwing nets {=f}
Armour
 D - a +1 cloak (worn)
 J - a +1 large shield of protection (worn)
 T - a +1 hat (worn)
Jewellery
 c - an uncursed ring of fire
 h - the ring of Icunehyi {Fire Str+2}
   (You found it on level 1 of the Dungeon)

   [ring of fire]

   It enhances your fire magic.
   It affects your strength (+2).
   It protects you from fire.
   It makes you vulnerable to cold.
 w - a ring of see invisible (right hand)
 S - a +6 ring of dexterity (left hand)
 U - an uncursed ring of protection from fire
 Z - the ring of Ru's Delight {+Fly rF++ rC- MR+ Stlth-}
   (You found it on level 6 of the Lair of Beasts)

   [ring of flight]

   It greatly protects you from fire.
   It makes you vulnerable to cold.
   It affects your resistance to hostile enchantments.
   It lets you fly.
   It makes you less stealthy.
Wands
 z - a wand of charming (15)
 C - a wand of flame (55)
 H - a wand of iceblast (16)
 N - a wand of paralysis (18)
 O - a wand of disintegration (15)
 V - a wand of acid (12)
Scrolls
 f - 2 scrolls of immolation
 g - 4 scrolls of revelation
 i - 6 scrolls of identify
 j - 7 scrolls of enchant armour
 l - 4 scrolls of blinking
 p - 6 scrolls of enchant weapon
 q - 14 scrolls of remove curse
 t - a scroll of fog
 v - a scroll of teleportation
Potions
 m - a potion of invisibility
 n - 5 potions of flight
 r - 14 potions of curing
 x - 2 potions of resistance
 A - 4 potions of cancellation
 G - a potion of agility
 M - a potion of mutation
 X - 5 potions of brilliance
Miscellaneous
 u - a lightning rod (inert)
 L - a box of beasts
 Q - a sack of spiders (inert)
Comestibles
 e - 28 rations {!d}
 k - 3 chunks of flesh


   Skills:
 * Level 11.2 Fighting
 + Level 3.3(8.9) Axes
 * Level 11.2(11.7) Maces & Flails
 * Level 14.1(14.4) Polearms
 + Level 0.9 Bows
 + Level 3.0 Throwing
 * Level 12.0 Dodging
 + Level 7.0 Stealth
 * Level 12.0 Shields
 * Level 9.9 Spellcasting
 * Level 8.8 Conjurations
 * Level 3.5 Fire Magic
 * Level 3.9 Earth Magic
 * Level 9.6 Invocations
 * Level 5.9 Evocations


You had 24 spell levels left.
You knew the following spells:

 Your Spells              Type           Power        Failure   Level  Hunger
a - Iskenderun's Mystic   Conj           ######..     2%          3    None
b - Searing Ray           Conj           ######..     1%          2    None
c - Magic Dart            Conj           ####         1%          1    None
d - Bolt of Magma         Conj/Fire/Erth ######....   67%         5    ####...

Your spell library contained the following spells:

 Spells                   Type           Power        Failure   Level  Hunger
 Stone Arrow              Conj/Erth      ######       7%          3    None
 Apportation              Tloc           ###...       32%         1    None
 Blink Other              Tloc           ###...       32%         1    None
 Necrotize                Necr           ###...       32%         1    None
 Summon Butterflies       Summ           ###.....     32%         1    None
 Blink                    Tloc           N/A          43%         2    None
 Corpse Rot               Necr           N/A          43%         2    None
 Sticks to Snakes         Tmut           ###.....     43%         2    None
 Sublimation of Blood     Necr           ###.......   43%         2    None
 Fulminant Prism          Conj/Hex       #####.....   45%         4    #......
 Fireball                 Conj/Fire      ######....   56%         5    ####...
 Beckoning                Tloc           ###.......   67%         3    None
 Portal Projectile        Tloc           ###...       67%         3    None
 Teleport Other           Tloc           ###.....     67%         3    None
 Tukima's Dance           Hex            ###.....     67%         3    None
 Vampiric Draining        Necr           ###.......   67%         3    None
 Bolt of Draining         Conj/Necr      #####.....   80%         5    ####...
 Irradiate                Conj/Tmut      #####.....   80%         5    ####...
 Agony                    Necr           ###.....     97%         4    #......
 Animate Dead             Necr           N/A          97%         4    #......
 Force Lance              Tloc           ###.....     97%         4    #......
 Bolt of Fire             Conj/Fire      ######....   98%         6    #####..
 Steam Barrier            Chrm/Fire      ####......   99%         5    ####...
 Dispel Undead            Necr           ###.....     100%        5    ####...
 Freezing Cloud           Ice/Air        ###.....     100%        5    ####...
 Metabolic Englaciation   Hex/Ice        ###.......   100%        5    ####...
 Summon Forest            Summ/Tloc      ###.......   100%        5    ####...
 Bolt of Cold             Conj/Ice       #####.....   100%        6    #####..
 Borgnjor's Vile Clutch   Necr/Erth      ####......   100%        6    #####..
 Deflect Missiles         Chrm/Air       ###.......   100%        6    #####..
 Invisibility             Hex            ###.....     100%        6    #####..
 Ozocubu's Refrigeration  Ice            ###.......   100%        6    #####..
 Poison Arrow             Conj/Pois      #####.....   100%        6    #####..
 Simulacrum               Ice/Necr       ###.....     100%        6    #####..
 Summon Hydra             Summ           ###.......   100%        6    #####..
 Ignition                 Hex/Fire       ####......   100%        8    #######
 Passwall                 Tmut/Erth      Unusable     N/A         2    N/A
 Beastly Appendage        Tmut           Unusable     N/A         1    N/A
 Spider Form              Tmut/Pois      Unusable     N/A         3    N/A
 Ice Form                 Ice/Tmut       Unusable     N/A         4    N/A
 Tree Form                Hex/Tmut       Unusable     N/A         4    N/A
 Blade Hands              Tmut           Unusable     N/A         5    N/A
 Statue Form              Tmut/Erth      Unusable     N/A         6    N/A
 Dragon Form              Tmut           Unusable     N/A         7    N/A
 Necromutation            Tmut/Necr      Unusable     N/A         8    N/A

Dungeon Overview and Level Annotations

Branches:
Dungeon (12/12)            Temple (1/1) D:5            Lair (6/6) D:9
  Swamp (3/3) Lair:3       Spider (3/3) Lair:2        Slime (0/5) Orc
    Orc (1/1) D:10         Vaults (0/3) D:11         Forest (0/3) Lair:5
 Depths (0/5) D:12

Altars:
Ashenzari
Cheibriados
Dithmenos
Elyvilon
Fedhas
Gozag
Hepliaklqana
Lugonu
Makhleb
Nemelex Xobeh
Okawaru
Qazlal
Ru
Sif Muna
Trog
Uskayaw
Vehumet
Wu Jian
Xom
Yredelemnul
Zin
The Shining One
Jiyva

Shops:
D:7 :   Orc ?!?}:

Annotations:
Lair:2 1 runed translucent door, Mehrunes's ghost, journeyman HESk
Lair:3 exclusion: 3 oklob plants
Swamp:3 Lernaean hydra


Innate Abilities, Weirdness & Mutations

You move and act slowly.
You can pass through walls and trees.
Your branches can wield two-handed weapons with a shield.
Your thick bark is tough. (AC +24)
You are too large for most types of armour.
You are immune to negative energy. (rN+++)
Your system is resistant to poisons. (rPois)
You have a slow metabolism.
You are immune to unholy pain and torment.
You can survive without breathing.


Message History

* * * LOW HITPOINT WARNING * * *
The ghost moth stares at you.
The ghost moth evades a web.
The tarantella bites you but does no damage.
The ghost moth stares at you.
The ghost moth hits you but does no damage. x2
The ghost moth barely misses you.
The tarantella bites you but does no damage.
The spark wasp closely misses you.
The ghost moth hits you but does no damage.
The ghost moth hits you.
* * * LOW HITPOINT WARNING * * *
The ghost moth closely misses you. The ghost moth stares at you.
The spark wasp stings you!
* * * LOW HITPOINT WARNING * * *
The spark wasp shocks you!
* * * LOW HITPOINT WARNING * * *
The tarantella bites you.
You die...

##.............^≈#####
##...............^...≈.
#.^≈^...............^..
########..^≈........^..
########...≈.....#####^...≈.^.
####..^^.......^§§§§..≈.#######≈.
^^^......#*....§§§§§.....^..s..≈.
..........s...^y§§§..............
.........#...^.y@................
...........^^..sy^.........^...^.
..≈†...^..########...^^.^..s.^...
##ys..^≈####^...≈...###########..
##.^^### ##......^≈..≈^.^......
##### ##...................
#............^......
##..................
#....^.......≈^...^


You could see 2 ghost moths, a spark wasp, an orb spider and a tarantella.

Vanquished Creatures
  Bai Suzhen (Spider:3)
  Arachne (Spider:2)
  Nikola (Spider:1)
  2 thorn hunters
  Roxanne (Spider:2)
  2 emperor scorpions
  2 ghost moths (Spider:3)
  2 entropy weavers (Spider:2)
  Josephine (D:12)
  3 vault guards (D:11)
  4 catoblepae
  12 hydras
  2 shambling mangroves
  Sonja (Lair:1)
  5 two-headed ogres (D:10)
  16 alligators
  3 tengu warriors
  An alligator (shapeshifter) (D:12)
  An ogre mage (D:10)
  4 death yaks (Lair:6)
  5 orc high priests (Orc)
  5 centaur warriors
  A skeletal warrior (D:12)
  A swamp dragon (Swamp:1)
  2 spriggan druids (Swamp:2)
  An orange crystal statue (Spider:2)
  An unseen horror (D:12)
  14 orc knights
  3 wolf spider zombies
  20 wolf spiders
  4 cyclopes
  12 orb spiders
  A phantasmal warrior (D:12)
  2 necromancers
  A fire giant zombie (D:12)
  An orc sorcerer (Orc)
  6 ugly things
  2 manticores (Lair:6)
  A moth of wrath (Spider:2)
  6 elephants (Lair:5)
  4 black mambas
  A stone giant skeleton (D:12)
  10 cane toads
  A gargoyle (D:11)
  A yaktaur zombie (D:12)
  15 jumping spiders
  8 demonic crawlers
  3 torpor snails
  4 tengu conjurers
  7 yaktaurs
  2 rime drakes (Lair:6)
  A kobold demonologist (D:11)
  7 komodo dragons
  An eye of draining (D:11)
  A guardian mummy (D:12)
  5 trolls
  Maurice (Orc)
  12 hornets
  4 bog bodies
  5 tyrant leeches
  A meliai zombie (D:11)
  2 harpy skeletons
  16 slime creatures
  12 dream sheep
  Prince Ribbit (D:6)
  9 blink frogs
  Grum (D:9)
  12 hippogriffs
  Sigmund (D:5)
  24 tarantellas
  A water elemental (D:12)
  A deep troll zombie (D:12)
  A human (D:11)
  2 basilisks
  A spriggan (Swamp:1)
  51 yaks
  5 wraiths (D:12)
  39 redbacks
  14 vampire mosquitoes
  4 wargs
  8 crocodiles
  10 swamp worms
  9 water moccasins
  3 porcupines
  38 orc warriors
  4 sky beasts
  12 swamp drakes
  3 ice beasts
  A black bear (D:9)
  8 necrophages
  A hornet zombie (D:9)
  3 boggarts (Swamp:2)
  4 phantoms
  9 ogres
  21 wolves
  4 kobold brigands
  13 bullfrogs
  A wyvern zombie (D:9)
  9 centaurs
  3 scorpions
  11 wights
  53 killer bees
  28 orc priests
  8 electric eels
  8 crimson imps
  A bullfrog zombie (D:7)
  17 jellies
  Crazy Yiuf (D:7)
  5 hounds
  19 orc wizards
  3 bullfrog skeletons
  An iguana (D:5)
  Ijyb (D:5)
  11 worker ants
  2 worker ant zombies
  17 adders
  7 gnolls
  A howler monkey skeleton (D:8)
  3 shadow imps
  An ooze (D:2)
  An adder skeleton (D:5)
  2 adder zombies
  4 worms
  3 dart slugs
  5 leopard geckos
  70 orcs
  2 ball pythons (D:1)
  4 giant cockroaches
  8 goblins
  8 hobgoblins
  9 jackals
  4 quokkas
  2 bats (D:2)
  3 frilled lizards
  A jackal zombie (D:2)
  35 kobolds
  A rat (D:1)
  A fungus (Lair:5)
970 creatures vanquished.

Vanquished Creatures (collateral kills)
  3 hydras (Swamp:3)
  An orc knight (D:10)
  A cane toad (Swamp:3)
  A jumping spider (Spider:3)
  A hornet (Spider:3)
  2 bog bodies (Swamp:3)
  A tarantella (Spider:3)
  3 redbacks (Spider:3)
  A swamp drake (Swamp:3)
  2 fungi (Swamp:3)
16 creatures vanquished.

Vanquished Creatures (others)
  A hydra (Swamp:2)
  An unseen horror (D:12)
  An orc knight (D:10)
  A shadow (D:11)
  A redback (Spider:2)
  A boggart (Swamp:2)
  2 orc wizards (Orc)
  An orc (Orc)
  37 fungi
  35 plants
  16 withered plants (D:12)
97 creatures vanquished.

Grand Total: 1083 creatures vanquished

Notes
Turn   | Place    | Note
-------+----------+-------------------------------------------
     0 | D:1      | Grimmash the Ent Archaeologist began the quest for the Orb.
     0 | D:1      | Reached XP level 1. HP: 21/21 MP: 1/1
     3 | D:1      | Got a smoking amber ring
     4 | D:1      | Identified the ring of Icunehyi {Fire Str+2} (You found it
                  | on level 1 of the Dungeon)
   285 | D:1      | Reached XP level 2. HP: 28/29 MP: 2/2
   863 | D:2      | Reached XP level 3. HP: 32/36 MP: 3/3
   926 | D:2      | Reached skill level 1 in Spellcasting
  1353 | D:2      | Noticed a scorpion
  1370 | D:2      | Killed a scorpion
  1371 | D:2      | Reached XP level 4. HP: 22/46 MP: 6/6
  1519 | D:2      | Found a basalt altar of Yredelemnul.
  1951 | D:3      | Reached XP level 5. HP: 43/53 MP: 7/7
  1951 | D:3      | Identified a scroll of acquirement
  1951 | D:3      | Identified the ring "Plog" {Wiz Str-4 Slay+5} (You acquired
                  | it on level 3 of the Dungeon)
  1952 | D:3      | Found the +8 lance "Wyrmbane" {slay drac, rPois rF+ rC+}
  1993 | D:3      | Noticed an ogre
  2000 | D:3      | Killed an ogre
  2266 | D:3      | Reached skill level 1 in Polearms
  2266 | D:3      | Reached XP level 6. HP: 57/64 MP: 9/9
  2557 | D:4      | Reached skill level 2 in Polearms
  2589 | D:4      | Found a shattered altar of Ashenzari.
  2790 | D:4      | Reached skill level 3 in Polearms
  2826 | D:4      | Noticed a sky beast
  2830 | D:4      | Killed a sky beast
  2831 | D:4      | Reached XP level 7. HP: 58/72 MP: 11/11
  2893 | D:4      | Reached skill level 4 in Polearms
  2911 | D:4      | Found a burning altar of Makhleb.
  3015 | D:4      | Found a hide-covered altar of Uskayaw.
  3017 | D:4      | Found a shimmering altar of Xom.
  3287 | D:4      | Reached skill level 5 in Polearms
  3617 | D:5      | Entered Level 5 of the Dungeon
  3640 | D:5      | Reached XP level 8. HP: 52/84 MP: 13/13
  3735 | D:5      | Reached skill level 6 in Polearms
  3800 | D:5      | Noticed Ijyb
  3808 | D:5      | Killed Ijyb
  3919 | D:5      | Found a staircase to the Ecumenical Temple.
  3925 | Temple   | Entered the Ecumenical Temple
  4268 | D:5      | Reached skill level 7 in Polearms
  4701 | D:5      | Reached skill level 5 in Dodging
  4764 | D:5      | Noticed Sigmund
  4768 | D:5      | Killed Sigmund
  4769 | D:5      | Reached skill level 8 in Polearms
  4769 | D:5      | Reached skill level 5 in Stealth
  5213 | D:6      | Reached skill level 5 in Fighting
  5213 | D:6      | Reached XP level 9. HP: 87/95 MP: 15/15
  5359 | D:6      | Noticed Prince Ribbit
  5366 | D:6      | Killed Prince Ribbit
  5367 | D:6      | Reached skill level 1 in Throwing
  6060 | D:6      | Reached skill level 9 in Polearms
  6411 | D:7      | Found Wode's Book Shop.
  6496 | D:7      | Found a runed door.
  6664 | D:7      | Noticed a centaur warrior
  6682 | D:7      | Killed a centaur warrior
  6683 | D:7      | Reached skill level 1 in Shields
  6734 | D:7      | Reached skill level 10 in Polearms
  7057 | Temple   | Became a worshipper of Cheibriados the Contemplative
  7105 | D:6      | Learned a level 1 spell: Magic Dart
  7184 | D:7      | Noticed Crazy Yiuf
  7187 | D:7      | Killed Crazy Yiuf
  7253 | D:8      | Reached XP level 10. HP: 107/107 MP: 17/17
  7340 | D:8      | Reached skill level 1 in Invocations
  7551 | D:8      | Reached * piety under Cheibriados
  7587 | D:8      | Found a glowing silver altar of Zin.
  7696 | D:8      | Reached skill level 1 in Conjurations
  8117 | D:9      | Reached skill level 5 in Spellcasting
  8200 | D:9      | Reached ** piety under Cheibriados
  8340 | D:9      | Noticed Grum
  8398 | D:9      | Killed Grum
  8483 | D:9      | Found a blossoming altar of Fedhas.
  8523 | D:9      | Noticed a centaur warrior
  8536 | D:9      | Killed a centaur warrior
  8574 | D:9      | Found a stormy altar of Qazlal.
  8620 | D:9      | Reached XP level 11. HP: 105/117 MP: 19/19
  8769 | D:9      | Found a staircase to the Lair.
  9227 | D:10     | Entered Level 10 of the Dungeon
  9256 | D:10     | Reached *** piety under Cheibriados
  9282 | D:10     | Reached skill level 11 in Polearms
  9404 | D:10     | Found a flagged portal.
  9413 | Bailey   | Entered a bailey
  9969 | Bailey   | Reached **** piety under Cheibriados
 10008 | Bailey   | Found a burning altar of Makhleb.
 10008 | Bailey   | Noticed an orc knight
 10025 | Bailey   | Killed an orc knight
 10159 | D:10     | Noticed a two-headed ogre
 10167 | D:10     | Killed a two-headed ogre
 10168 | D:10     | Reached skill level 5 in Shields
 10170 | D:10     | Noticed an ogre mage
 10175 | D:10     | Noticed a two-headed ogre
 10176 | D:10     | Noticed a brown ugly thing
 10177 | D:10     | Noticed a two-headed ogre
 10179 | D:10     | Killed an ogre mage
 10376 | D:10     | Noticed a two-headed ogre
 10384 | D:10     | Killed a two-headed ogre
 10396 | D:10     | Noticed an orc knight
 10397 | D:10     | Noticed an orc knight
 10397 | D:10     | Noticed an orc knight
 10400 | D:10     | Noticed an orc knight
 10417 | D:10     | Killed an orc knight
 10425 | D:10     | Killed an orc knight
 10473 | D:10     | Killed an orc knight
 10597 | D:10     | Found a staircase to the Orcish Mines.
 10611 | D:10     | Killed a two-headed ogre
 10840 | D:10     | Noticed a necromancer
 10842 | D:10     | Killed a necromancer
 10969 | D:10     | Noticed a two-headed ogre
 10977 | D:10     | Killed a two-headed ogre
 10978 | D:10     | Reached XP level 12. HP: 128/128 MP: 21/21
 11124 | D:10     | Killed a two-headed ogre
 11162 | D:10     | Reached ***** piety under Cheibriados
 11706 | Lair:1   | Entered Level 1 of the Lair of Beasts
 11706 | Lair:1   | Noticed a catoblepas
 11753 | Lair:1   | Killed a catoblepas
 12050 | Lair:1   | Reached skill level 12 in Polearms
 12054 | Lair:1   | Reached skill level 5 in Invocations
 12102 | Lair:1   | Noticed a seven-headed hydra
 12110 | Lair:1   | Killed a seven-headed hydra
 12476 | Lair:1   | Noticed Sonja
 12593 | Lair:1   | Noticed a seven-headed hydra
 12603 | Lair:1   | Killed a seven-headed hydra
 12604 | Lair:1   | Reached skill level 5 in Conjurations
 12743 | Lair:1   | Killed Sonja
 12744 | Lair:1   | Reached skill level 5 in Maces & Flails
 13714 | Lair:2   | Reached ****** piety under Cheibriados
 13750 | Lair:2   | Found a hole to the Spider Nest.
 14144 | Lair:2   | Reached skill level 1 in Axes
 14147 | Lair:2   | Reached XP level 13. HP: 132/138 MP: 23/23
 14221 | Lair:2   | Found a runed translucent door.
 14231 | Lair:2   | Found a shimmering altar of Xom.
 14231 | Lair:2   | Noticed Mehrunes's ghost (journeyman HESk)
 14956 | Lair:3   | Found a staircase to the Swamp.
 15064 | Lair:3   | Learned a level 2 spell: Searing Ray
 15068 | Lair:3   | Learned a level 3 spell: Iskenderun's Mystic Blast
 15787 | Lair:4   | Reached skill level 1 in Evocations
 16513 | Lair:5   | Found a staircase to the Spriggan Forest.
 16999 | Lair:6   | Entered Level 6 of the Lair of Beasts
 17288 | Lair:6   | Got a flickering ivory ring
 17291 | Lair:6   | Identified the ring of Ru's Delight {+Fly rF++ rC- MR+
                  | Stlth-} (You found it on level 6 of the Lair of Beasts)
 17431 | Lair:6   | Reached XP level 14. HP: 130/151 MP: 25/25
 18462 | Lair:6   | Reached skill level 10 in Dodging
 19412 | D:11     | Found a gate to the Vaults.
 20080 | D:12     | Entered Level 12 of the Dungeon
 20305 | D:12     | Reached skill level 13 in Polearms
 20499 | D:12     | Reached XP level 15. HP: 153/161 MP: 27/27
 20537 | D:12     | Noticed Josephine
 20562 | D:12     | Killed Josephine
 20645 | D:12     | Found a staircase to the Depths.
 21199 | Orc      | Entered the Orcish Mines
 21199 | Orc      | Found Utruiryu's Book Shoppe.
 21201 | Orc      | Noticed Maurice
 21638 | Orc      | Killed Maurice
 21844 | Orc      | Found a staircase to the Slime Pits.
 21844 | Orc      | Found a viscous altar of Jiyva.
 22013 | Orc      | Reached skill level 10 in Shields
 22084 | Orc      | Found a roughly hewn altar of Beogh.
 23072 | Orc      | Reached skill level 10 in Fighting
 23118 | Orc      | Found Emymink's Magic Scroll Boutique.
 23149 | Orc      | Found Meypn's Distillery.
 23149 | Orc      | Found Ciuc's Magic Scroll Boutique.
 23150 | Orc      | Found Vena's Gadget Boutique.
 23258 | Orc      | Bought a manual of Maces & Flails for 1214 gold pieces
 23523 | Swamp:1  | Entered Level 1 of the Swamp
 24297 | Swamp:1  | Identified the cursed amulet of Toromaqe {Inacc Dex+2,
                  | pickup} (You found it on level 1 of the Swamp)
 24326 | Swamp:1  | HP: 8/161 [tyrant leech (2)]
 25473 | Swamp:2  | Noticed a thorn hunter
 25486 | Swamp:2  | Killed a thorn hunter
 25711 | Swamp:2  | Reached XP level 16. HP: 99/170 MP: 4/29
 26124 | Swamp:2  | Learned a level 5 spell: Bolt of Magma
 26509 | Swamp:3  | Entered Level 3 of the Swamp
 26522 | Swamp:3  | Noticed a thorn hunter
 26542 | Swamp:3  | Killed a thorn hunter
 26543 | Swamp:3  | Reached skill level 5 in Evocations
 26764 | Swamp:3  | Noticed the 27-headed Lernaean hydra
 26771 | Swamp:3  | Reached skill level 1 in Fire Magic
 26771 | Swamp:3  | Reached skill level 1 in Earth Magic
 26773 | Swamp:3  | Reached skill level 10 in Maces & Flails
 26914 | Spider:1 | Entered Level 1 of the Spider Nest
 27647 | Spider:1 | Noticed Nikola
 27682 | Spider:1 | Killed Nikola
 28563 | Spider:2 | Noticed Arachne
 28583 | Spider:2 | Killed Arachne
 29249 | Spider:2 | Noticed Roxanne
 29280 | Spider:2 | Killed Roxanne
 29281 | Spider:2 | Reached skill level 14 in Polearms
 29421 | Spider:2 | Reached XP level 17. HP: 182/182 MP: 30/30
 29821 | Spider:3 | Entered Level 3 of the Spider Nest
 30064 | Spider:3 | Noticed Bai Suzhen
 30448 | Spider:3 | Killed Bai Suzhen
 30977 | Spider:3 | HP: 2/183 [spark wasp (14)]
 30977 | Spider:3 | Slain by a tarantella

Skill      XL: |  1  2  3  4  5  6  7  8  9 10 11 12 13 14 15 16 17 |
---------------+----------------------------------------------------+-----
Dodging        | 3 4 5 6 8 9 10 11 12 | 12.0
Maces & Flails | 2 3 5 6 8 9 10 11 | 11.2
Spellcasting   | 1 2 3 4 5 6 7 8 9 |  9.9
Fighting       | 2 3 5 6 7 8 9 10 11 | 11.2
Stealth        | 4 5 6 7 |  7.0
Polearms       | 1 3 5 8 10 11 12 13 14 | 14.1
Throwing       | 1 2 3 |  3.0
Shields        | 1 4 6 7 8 9 10 11 12 | 12.0
Invocations    | 2 4 5 6 7 8 9 |  9.6
Conjurations   | 2 4 5 6 7 8 |  8.8
Axes           | 1 2 3 |  3.3
Evocations     | 2 3 4 5 |  5.9
Fire Magic     | 2 3 |  3.5
Earth Magic    | 3 |  3.9
Bows           | |  0.9

Action                   |  1- 3 |  4- 6 |  7- 9 | 10-12 | 13-15 | 16-18 || total
-------------------------+-------+-------+-------+-------+-------+-------++-------
Melee: Whip              |   158 |    56 |       |       |       |       ||   214
       Lance             |       |    66 |   236 |   600 |  1023 |   747 ||  2672
       Battleaxe         |       |       |       |   127 |   250 |       ||   377
       Bardiche          |       |       |       |       |   196 |       ||   196
 Fire: Shortbow          |       |       |       |     1 |       |       ||     1
       Blowgun           |       |       |       |     8 |       |    15 ||    23
       Longbow           |       |       |       |     2 |    19 |    13 ||    34
Throw: Javelin           |     1 |       |    11 |    26 |     6 |     1 ||    45
       Tomahawk          |       |       |       |    43 |    67 |    39 ||   149
 Cast: Magic Dart        |       |       |       |       |    10 |       ||    10
       Searing Ray       |       |       |       |       |     9 |     1 ||    10
       Iskenderun's Myst |       |       |       |       |     5 |    70 ||    75
Invok: Bend Time         |       |       |       |       |     4 |     4 ||     8
       Step From Time    |       |       |       |       |     2 |     3 ||     5
       Temporal Distorti |       |       |       |       |     2 |       ||     2
       Defer             |       |       |       |       |     1 |     1 ||     2
Evoke: Wand              |       |       |       |     5 |     4 |     6 ||    15
       Lightning rod     |       |       |       |       |       |    10 ||    10
       Box of beasts     |       |       |       |       |       |     2 ||     2
       Phantom mirror    |       |       |       |       |       |     1 ||     1
       Sack of spiders   |       |       |       |       |       |     1 ||     1
  Use: Scroll            |       |     1 |     2 |     4 |    35 |     4 ||    46
       Potion            |       |       |       |       |     6 |     3 ||     9
 Stab: Sleeping          |     3 |     4 |    10 |    14 |    19 |     5 ||    55
       Distracted        |     1 |       |       |     4 |    10 |     7 ||    22
       Petrified         |       |       |       |       |     9 |       ||     9
       Held in net/web   |       |       |       |       |       |     2 ||     2
  Eat: Chunk             |     5 |     4 |    14 |    23 |    56 |    17 ||   119
       Ration            |       |     1 |     1 |     3 |     3 |     3 ||    11
Armor: Skin              |    96 |    76 |   125 |   488 |   667 |   527 ||  1979
Dodge: Dodged            |   111 |    76 |    57 |   497 |  1070 |   773 ||  2584
Block: Large shield      |       |       |    77 |  1034 |  2293 |  1297 ||  4701
